TOP OF THE 1ST |
---|
Reading Rainbows batting - Pitching for Intercourse Amish : RHP Sergio Hernández | Pitching: RHP Sergio Hernández | | Batting: LHB Júlio Lorenzo | 0-0: Ball 1-0: Fly out, F7 (Line Drive, 7) | Batting: RHB José Moreno | 0-0: Ball 1-0: Ball 2-0: Called Strike 2-1: Ball 3-1: Foul Ball, location: 2F 3-2: Strikes out swinging | Batting: RHB Juan Magdayao | 0-0: Called Strike 0-1: Called Strike 0-2: Ball 1-2: Ball 2-2: Strikes out looking | Top of the 1st over - 0 runs, 0 hits, 0 errors, 0 left on base; Reading 0 - Intercourse 0 | BOTTOM OF THE 1ST |
---|
Intercourse Amish batting - Pitching for Reading Rainbows : RHP Cory Powell | Pitching: RHP Cory Powell | | Batting: RHB Pablo Díaz | 0-0: Swinging Strike 0-1: Ball 1-1: SINGLE (Line Drive, 6D) | Batting: LHB Jesús Rojas | 0-0: Called Strike 0-1: Foul Ball, location: 2F 0-2: Ball 1-2: Ball 2-2: Ball 3-2: Foul Ball, location: 2F 3-2: Base on Balls Pablo Díaz to second | Batting: LHB Dave Reynolds | 0-0: Ball 1-0: Foul Ball, location: 2F 1-1: Fly out, F7 (Flyball, 7S) | Batting: LHB Bruce Foster | 0-0: Called Strike 0-1: Ball 1-1: Foul Ball, location: 2F 1-2: Ball Wild Pitch! Pablo Díaz to third Jesús Rojas to second 2-2: Foul Ball, location: 2F 2-2: Ground out 6-3 (Groundball, 56) Pablo Díaz scores | Batting: RHB Mitsuoki Taguchi | 0-0: Swinging Strike 0-1: Ball 1-1: Ball 2-1: Foul Ball, location: 2F 2-2: Ground out 3-1 (Groundball, 34S) | Bottom of the 1st over - 1 run, 1 hit, 0 errors, 1 left on base; Reading 0 - Intercourse 1 | TOP OF THE 2ND |
---|
Reading Rainbows batting - Pitching for Intercourse Amish : RHP Sergio Hernández | Batting: RHB Ethan Moore | 0-0: Ball 1-0: Called Strike 1-1: Ball 2-1: Foul Ball, location: 2F 2-2: Strikes out looking | Batting: LHB Ryan Flynn | 0-0: Ball 1-0: Ball 2-0: Ball 3-0: Base on Balls | Batting: RHB Hubert Brown | Pickoff Throw to First - Error! E1 Ryan Flynn to second 0-0: Ball 1-0: Called Strike 1-1: Swinging Strike 1-2: SINGLE (Line Drive, 8LS) Ryan Flynn to third | Batting: RHB Richard Case | 0-0: Ball 1-0: Ball 2-0: 3-RUN HOME RUN (Flyball, 7D), Distance : 391 ft | Batting: LHB Arturo Álvarez | 0-0: Called Strike 0-1: Swinging Strike 0-2: Foul Ball, location: 2F 0-2: Foul Ball, location: 2F 0-2: Ball 1-2: Strikes out swinging | Batting: SHB Johnny Jackson | 0-0: Foul Ball, location: 2F 0-1: Ball 1-1: Called Strike 1-2: Fly out, F7 (Line Drive, 7) | Top of the 2nd over - 3 runs, 2 hits, 1 error, 0 left on base; Reading 3 - Intercourse 1 | BOTTOM OF THE 2ND |
---|
Intercourse Amish batting - Pitching for Reading Rainbows : RHP Cory Powell | Batting: RHB Juan Estrada | 0-0: Ball 1-0: Ball 2-0: Swinging Strike 2-1: Ball 3-1: Base on Balls | Batting: LHB Tony O'Bryan | 0-0: Foul Ball, location: 2F 0-1: Ball 1-1: Ball 2-1: Foul Ball, location: 2F 2-2: Foul Ball, location: 2F 2-2: Fly out, F6 (Popup, 6MS) | Batting: SHB Conan Hanson | 0-0: Ball 1-0: Ball 2-0: SINGLE (Line Drive, 7LS) Juan Estrada to second | Batting: RHB Roberto Solís | 0-0: Called Strike 0-1: Foul Ball, location: 2F 0-2: Ball 1-2: Grounds into double play, 4-6-3 (Groundball, 4) | Bottom of the 2nd over - 0 runs, 1 hit, 0 errors, 1 left on base; Reading 3 - Intercourse 1 | TOP OF THE 3RD |
---|
Reading Rainbows batting - Pitching for Intercourse Amish : RHP Sergio Hernández | Batting: LHB Júlio Lorenzo | 0-0: Ground out U3 (Groundball, 3) | Batting: RHB José Moreno | 0-0: Swinging Strike 0-1: Called Strike 0-2: Ball 1-2: Strikes out swinging | Batting: RHB Juan Magdayao | 0-0: Swinging Strike 0-1: Ball 1-1: Foul Ball, location: 2F 1-2: Ball 2-2: TRIPLE (Line Drive, 8RXD) | Batting: RHB Ethan Moore | 0-0: Called Strike 0-1: SINGLE (Groundball, 56D) Juan Magdayao scores | Batting: LHB Ryan Flynn | 0-0: Ball 1-0: Ball 2-0: Called Strike 2-1: SINGLE (Groundball, 4MD) Ethan Moore to second Runner from 2nd tries for 3rd, SAFE, no throw | Batting: RHB Hubert Brown | 0-0: Called Strike 0-1: Ball 1-1: Foul Ball, location: 2F 1-2: Strikes out swinging | Top of the 3rd over - 1 run, 3 hits, 0 errors, 2 left on base; Reading 4 - Intercourse 1 | BOTTOM OF THE 3RD |
---|
Intercourse Amish batting - Pitching for Reading Rainbows : RHP Cory Powell | Batting: RHB Pablo Díaz | 0-0: Hit by Pitch | Batting: LHB Jesús Rojas | 0-0: Foul Ball, location: 2F 0-1: SINGLE (Groundball, 56S) (infield hit) Pablo Díaz to second | Batting: LHB Dave Reynolds | 0-0: Foul Ball, location: 2F 0-1: Ball 1-1: Ball 2-1: SINGLE (Groundball, 34D) Pablo Díaz to third Jesús Rojas to second | Batting: LHB Bruce Foster | 0-0: Ball 1-0: Ball 2-0: Called Strike 2-1: Fly out, F9 (Line Drive, 9) | Batting: RHB Mitsuoki Taguchi | 0-0: Ball 1-0: Foul Ball, location: 2F 1-1: Ball 2-1: Swinging Strike 2-2: Ball 3-2: Strikes out looking | Batting: RHB Juan Estrada | 0-0: Fly out, F8 (Flyball, 8LXD) | Bottom of the 3rd over - 0 runs, 2 hits, 0 errors, 3 left on base; Reading 4 - Intercourse 1 | TOP OF THE 4TH |
---|
Reading Rainbows batting - Pitching for Intercourse Amish : RHP Sergio Hernández | Batting: RHB Richard Case | 0-0: Swinging Strike 0-1: Ball 1-1: Foul Ball, location: 2F 1-2: Foul Ball, location: 2F 1-2: Foul Ball, location: 2F 1-2: Strikes out swinging | Batting: LHB Arturo Álvarez | 0-0: Swinging Strike 0-1: Ball 1-1: Foul Ball, location: 2F 1-2: Ball 2-2: Ground out 3-1 (Groundball, 34) | Batting: SHB Johnny Jackson | 0-0: Ball 1-0: Ball 2-0: Called Strike 2-1: SINGLE (Groundball, 34D) | Batting: LHB Júlio Lorenzo | 0-0: Ball 1-0: Ball 2-0: Foul Ball, location: 2F 2-1: SINGLE (Flyball, 7LS) Johnny Jackson to second | Batting: RHB José Moreno | 0-0: Foul Ball, location: 2F 0-1: Foul Ball, location: 2F 0-2: Ball 1-2: Strikes out swinging | Top of the 4th over - 0 runs, 2 hits, 0 errors, 2 left on base; Reading 4 - Intercourse 1 | BOTTOM OF THE 4TH |
---|
Intercourse Amish batting - Pitching for Reading Rainbows : RHP Cory Powell | Batting: LHB Tony O'Bryan | 0-0: Ball 1-0: Foul Ball, location: 2F 1-1: Ball 2-1: Ball 3-1: Base on Balls | Batting: SHB Conan Hanson | 0-0: Called Strike 0-1: Ball 1-1: Swinging Strike 1-2: Foul Ball, location: 2F 1-2: Ball 2-2: Strikes out swinging | Pitching: RHP Coy Torres | | Batting: RHB Roberto Solís | 0-0: Ball 1-0: Grounds into double play, 5-4-3 (Groundball, 56) | Bottom of the 4th over - 0 runs, 0 hits, 0 errors, 0 left on base; Reading 4 - Intercourse 1 | TOP OF THE 5TH |
---|
Reading Rainbows batting - Pitching for Intercourse Amish : RHP Sergio Hernández | Pitching: RHP Paul Clark | | Batting: RHB Juan Magdayao | 0-0: Ball 1-0: Fly out, F3 (Line Drive, 34) | Batting: RHB Ethan Moore | 0-0: Swinging Strike 0-1: Swinging Strike 0-2: Ball 1-2: Foul Ball, location: 2F 1-2: Strikes out swinging | Batting: LHB Ryan Flynn | 0-0: Called Strike 0-1: Foul Ball, location: 2F 0-2: Ball 1-2: Ball 2-2: Ball 3-2: Ground out 4-3 (Groundball, 4) | Top of the 5th over - 0 runs, 0 hits, 0 errors, 0 left on base; Reading 4 - Intercourse 1 | BOTTOM OF THE 5TH |
---|
Intercourse Amish batting - Pitching for Reading Rainbows : RHP Coy Torres | Batting: RHB Pablo Díaz | 0-0: Foul Ball, location: 2F 0-1: Ball 1-1: Ball 2-1: Foul Ball, location: 2F 2-2: Ball 3-2: Foul Ball, location: 2F 3-2: SINGLE (Line Drive, 4D) | Batting: LHB Jesús Rojas | 0-0: Called Strike 0-1: Foul Ball, location: 2F 0-2: Ball 1-2: Ball 2-2: Foul Ball, location: 2F 2-2: Ball 3-2: Foul Ball, location: 2F 3-2: Strikes out swinging | Batting: LHB Dave Reynolds | 0-0: Fielders Choice at 2nd, 6-4 (Groundball, 56) | Batting: LHB Bruce Foster | 0-0: Swinging Strike 0-1: Swinging Strike 0-2: Foul Ball, location: 2F 0-2: Ball 1-2: Ball 2-2: Ball 3-2: Base on Balls Dave Reynolds to second | Batting: RHB Mitsuoki Taguchi | 0-0: Called Strike 0-1: Foul Ball, location: 2F 0-2: Foul Ball, location: 2F 0-2: Fly out, F9 (Line Drive, 9) | Bottom of the 5th over - 0 runs, 1 hit, 0 errors, 2 left on base; Reading 4 - Intercourse 1 | TOP OF THE 6TH |
---|
Reading Rainbows batting - Pitching for Intercourse Amish : RHP Paul Clark | Batting: RHB Hubert Brown | 0-0: Ball 1-0: Called Strike 1-1: Foul Ball, location: 2F 1-2: Strikes out looking | Batting: RHB Richard Case | 0-0: Swinging Strike 0-1: Foul Ball, location: 2F 0-2: Foul Ball, location: 2F 0-2: Strikes out swinging | Batting: LHB Arturo Álvarez | 0-0: Ball 1-0: Ball 2-0: Foul Ball, location: 2F 2-1: Foul Ball, location: 2F 2-2: Foul Ball, location: 2F 2-2: Foul Ball, location: 2F 2-2: Ball 3-2: Strikes out swinging | Top of the 6th over - 0 runs, 0 hits, 0 errors, 0 left on base; Reading 4 - Intercourse 1 | BOTTOM OF THE 6TH |
---|
Intercourse Amish batting - Pitching for Reading Rainbows : RHP Coy Torres | Batting: RHB Juan Estrada | 0-0: Called Strike 0-1: Swinging Strike 0-2: Strikes out swinging | Batting: LHB Tony O'Bryan | 0-0: Ball 1-0: Ball 2-0: Ball 3-0: Called Strike 3-1: Foul Ball, location: 2F 3-2: Base on Balls | Pitching: LHP Jorge Torres | | Batting: SHB Conan Hanson | 0-0: Swinging Strike 0-1: Ball 1-1: Foul Ball, location: 2F 1-2: Ball 2-2: Ball 3-2: Base on Balls Tony O'Bryan to second | Batting: RHB Roberto Solís | 0-0: Ball 1-0: Called Strike 1-1: Swinging Strike 1-2: Ground out 6-3 (Groundball, 6MS) Tony O'Bryan to third Conan Hanson to second | Batting: RHB Pablo Díaz | 0-0: Ball 1-0: Called Strike 1-1: Called Strike 1-2: Fly out, F7 (Flyball, 78S) | Bottom of the 6th over - 0 runs, 0 hits, 0 errors, 2 left on base; Reading 4 - Intercourse 1 | TOP OF THE 7TH |
---|
Reading Rainbows batting - Pitching for Intercourse Amish : RHP Paul Clark | Batting: SHB Johnny Jackson | 0-0: Swinging Strike 0-1: Swinging Strike 0-2: Ball 1-2: Strikes out swinging | Batting: LHB Júlio Lorenzo | 0-0: SINGLE (Groundball, 4S) (infield hit) | Batting: RHB José Moreno | 0-0: Called Strike 0-1: Called Strike 0-2: Ball Júlio Lorenzo steals 2nd base 1-2: Foul Ball, location: 2F 1-2: Strikes out swinging wild pitch, reaches first! Júlio Lorenzo to third | Batting: RHB Juan Magdayao | 0-0: Foul Ball, location: 2F 0-1: Ball 1-1: Ball José Moreno steals 2nd base 2-1: Ball 3-1: Foul Ball, location: 2F 3-2: Strikes out swinging | Pitching: RHP Benjamin Hutchison | | Batting: RHB Ethan Moore | 0-0: Ball 1-0: Ball 2-0: Called Strike 2-1: Ball 3-1: Called Strike 3-2: 3-RUN HOME RUN (Flyball, 7LD), Distance : 348 ft | Batting: LHB Ryan Flynn | 0-0: Ball 1-0: Ball 2-0: Called Strike 2-1: Foul Ball, location: 2F 2-2: Strikes out swinging | Top of the 7th over - 3 runs, 2 hits, 0 errors, 0 left on base; Reading 7 - Intercourse 1 | BOTTOM OF THE 7TH |
---|
Intercourse Amish batting - Pitching for Reading Rainbows : LHP Jorge Torres | Batting: LHB Jesús Rojas | 0-0: Ball 1-0: Swinging Strike 1-1: Called Strike 1-2: Ball 2-2: Foul Ball, location: 2F 2-2: Foul Ball, location: 2F 2-2: Foul Ball, location: 2F 2-2: Ball 3-2: Base on Balls | Pitching: RHP Millard Manning | | Batting: LHB Dave Reynolds | 0-0: Fly out, F6 (Popup, 56) | Batting: LHB Bruce Foster | 0-0: Ball 1-0: Fly out, F7 (Flyball, 7LD) | Batting: RHB Mitsuoki Taguchi | 0-0: Ball 1-0: Ball 2-0: Ball 3-0: Called Strike 3-1: Foul Ball, location: 2F 3-2: Foul Ball, location: 2F 3-2: Base on Balls Jesús Rojas to second | Pitching: LHP Joe Cates | | Batting: RHB Juan Estrada | 0-0: Called Strike 0-1: Ball 1-1: Ball 2-1: SINGLE (Flyball, 9LS) Jesús Rojas to third Mitsuoki Taguchi to second Runner from 3rd tries for Home, SAFE, no throw | Batting: LHB Tony O'Bryan | 0-0: Ball 1-0: Ball 2-0: Ground out 4-3 (Groundball, 4) | Bottom of the 7th over - 1 run, 1 hit, 0 errors, 2 left on base; Reading 7 - Intercourse 2 | TOP OF THE 8TH |
---|
Reading Rainbows batting - Pitching for Intercourse Amish : RHP Benjamin Hutchison | Batting: RHB Hubert Brown | 0-0: Called Strike 0-1: Ball 1-1: Ball 2-1: Swinging Strike 2-2: Ball 3-2: Strikes out swinging | Batting: RHB Richard Case | 0-0: Called Strike 0-1: Ball 1-1: Foul Ball, location: 2F 1-2: Foul Ball, location: 2F 1-2: Strikes out swinging | Pitching: RHP António Castaneda | | Batting: LHB Arturo Álvarez | 0-0: Ball 1-0: Ball 2-0: Called Strike 2-1: Foul Ball, location: 2F 2-2: Ball 3-2: Ground out U3 (Groundball, 34) | Top of the 8th over - 0 runs, 0 hits, 0 errors, 0 left on base; Reading 7 - Intercourse 2 | BOTTOM OF THE 8TH |
---|
Intercourse Amish batting - Pitching for Reading Rainbows : LHP Joe Cates | Batting: SHB Conan Hanson | 0-0: Ball 1-0: Called Strike 1-1: SINGLE (Line Drive, 6M) | Batting: RHB Roberto Solís | 0-0: Foul Ball, location: 2F 0-1: Ball 1-1: Called Strike 1-2: Foul Ball, location: 2F 1-2: Fly out, F7 (Flyball, 7) | Batting: RHB Pablo Díaz | 0-0: Ball 1-0: Called Strike 1-1: Called Strike 1-2: Ball 2-2: Strikes out swinging | Batting: LHB Jesús Rojas | 0-0: Ball 1-0: Foul Ball, location: 2F 1-1: Ball 2-1: Fly out, F8 (Flyball, 89XD) | Bottom of the 8th over - 0 runs, 1 hit, 0 errors, 1 left on base; Reading 7 - Intercourse 2 | TOP OF THE 9TH |
---|
Reading Rainbows batting - Pitching for Intercourse Amish : RHP António Castaneda | Batting: SHB Johnny Jackson | 0-0: Called Strike 0-1: Ball 1-1: Ball 2-1: Ball 3-1: Base on Balls | Pitching: LHP Manuel Encarnación | | Batting: LHB Júlio Lorenzo | 0-0: Swinging Strike 0-1: Swinging Strike 0-2: Strikes out swinging | Batting: RHB José Moreno | 0-0: Ball 1-0: Called Strike 1-1: Foul Ball, location: 2F 1-2: Ball 2-2: Foul Ball, location: 2F 2-2: Strikes out swinging | Batting: RHB Juan Magdayao | 0-0: Called Strike 0-1: Called Strike 0-2: Ball 1-2: Ball 2-2: Ball 3-2: Foul Ball, location: 2F 3-2: Strikes out swinging | Top of the 9th over - 0 runs, 0 hits, 0 errors, 1 left on base; Reading 7 - Intercourse 2 | BOTTOM OF THE 9TH |
---|
Intercourse Amish batting - Pitching for Reading Rainbows : LHP Joe Cates | Now at SS: Allen Hobbs | | Batting: LHB Dave Reynolds | 0-0: Called Strike 0-1: Swinging Strike 0-2: Strikes out swinging | Batting: LHB Bruce Foster | 0-0: Ball 1-0: Called Strike 1-1: SOLO HOME RUN (Flyball, 9D), Distance : 404 ft | Batting: RHB Mitsuoki Taguchi | 0-0: Ball 1-0: SINGLE (Groundball, 34D) | Batting: RHB Juan Estrada | 0-0: Ball 1-0: Ball 2-0: Ball 3-0: Base on Balls Mitsuoki Taguchi to second | Batting: LHB Tony O'Bryan | 0-0: Called Strike 0-1: Fly out, F9 (Flyball, 9D) Runner from 2nd tags up, SAFE at 3rd, no throw | Batting: SHB Conan Hanson | 0-0: Called Strike 0-1: Called Strike 0-2: Strikes out swinging | Bottom of the 9th over - 1 run, 2 hits, 0 errors, 2 left on base; Reading 7 - Intercourse 3 | |